 Dungeon Crawl Stone Soup version 0.30.0-10-gfe55d96785 (webtiles) character file.

Game seed: 15681234166617144058

77164 randart the Thaumaturge (level 15, -13/80 (93) HPs)
             Began as a Deep Elf Conjurer on May 12, 2023.
             Was a High Priest of Vehumet.
             Killed from afar by a jorogumo (28 damage)
             ... with a bolt of negative energy
             ... on level 1 of the Spider Nest on May 15, 2023.
             The game lasted 06:08:18 (31708 turns).

randart the Thaumaturge (Deep Elf Conjurer)        Turns: 31708, Time: 06:08:22

HP:   -13/80 (93)   AC: 13    Str:  4    XL:     15   Next: 14%
MP:   1/43          EV:  9    Int: 31    God:    Vehumet [*****.]
Gold: 1158          SH:  0    Dex: 13    Spells: 7/41 levels left

rFire   + . .        b - staff of fire
rCold   . . .        (no shield)
rNeg    . . .        Y - +1 robe {Archmagi}
rPois   .            u - +2 helmet
rElec   .            F - +1 cloak {rCorr}
rCorr   +            C - +1 pair of gloves {Stlth+}
SInv    .            s - +2 pair of boots
Will    +....        G - amulet of the acrobat
Stlth   +++++        n - ring of magical power
HPRegen 0.33/turn    W - ring of wizardry
MPRegen 0.28/turn

%: acrobat, wizardry (x1), archmagi
@: lethally poisoned (-13 -> -25), held, slowed, heavily drained, very slow
A: no striking features
a: Renounce Religion


You were on level 1 of the Spider Nest.
You worshipped Vehumet.
Vehumet was extremely pleased with you.
You visited 5 branches of the dungeon, and saw 21 of its levels.

You collected 2225 gold pieces.
You spent 1067 gold pieces at shops.

Inventory:

Hand Weapons
 O - a +6 short sword of draining
 X - a +2 dagger of venom
Missiles
 A - a throwing net
Armour
 e - a +0 robe of willpower
 q - a scarf of repulsion
 s - a +2 pair of boots (worn)
 u - a +2 helmet (worn)
 C - a +1 pair of gloves of stealth (worn)
 F - a +1 cloak of preservation (worn)
 Y - a +1 robe of the Archmagi (worn)
Magical Staves
 a - a staff of conjuration
 b - a staff of fire (weapon)
 Z - the staff of earth "Kicoxej" {rPois rF++ rCorr Dex-2}
   (You found it on level 2 of the Orcish Mines)

   [staff of earth]

   Base accuracy: +5 Base damage: 5 Base attack delay: 1.2 This weapon's minimum
   attack delay (0.6) is reached at skill level 12.
   Dex:       It affects your dexterity (-2).
   rF:        It greatly protects you from fire.
   rPois:     It protects you from poison.
   rCorr:     It protects you from acid and corrosion.
   It falls into the 'Staves' category.
   It is a one-handed weapon.
Jewellery
 h - a ring of willpower
 n - a ring of magical power (left hand)
 y - a +6 ring of strength
 G - an amulet of the acrobat (around neck)
 K - a +6 ring of dexterity
 L - a ring of fire
 N - a ring of protection from cold
 P - a +4 ring of protection
 V - the ring of Ocepumm {rElec rPois}
   (You found it on level 11 of the Dungeon)

   [ring of poison resistance]

   rElec:     It insulates you from electricity.
   rPois:     It protects you from poison.
 W - a ring of wizardry (right hand)
Wands
 c - a wand of paralysis (29)
 l - a wand of iceblast (12)
 D - a wand of acid (8)
 H - a wand of polymorph (14)
 I - a wand of mindburst (12)
Scrolls
 d - a scroll of brand weapon
 g - 10 scrolls of teleportation
 o - a scroll of silence
 p - 3 scrolls of poison
 r - 5 scrolls of amnesia
 w - 6 scrolls of identify
 z - 2 scrolls of blinking
 B - 3 scrolls of fear
 E - a scroll of magic mapping
 R - a scroll of fog
Potions
 f - 11 potions of curing
 i - 5 potions of heal wounds
 j - 9 potions of attraction
 k - 4 potions of magic
 m - 3 potions of flight
 t - 3 potions of lignification
 v - 6 potions of might
 x - a potion of ambrosia
 J - 3 potions of resistance
 M - 2 potions of cancellation
 Q - 3 potions of brilliance
 S - 3 potions of mutation
 U - 3 potions of haste
Miscellaneous
 T - a phial of floods


   Skills:
 - Level 10.4 Fighting
 - Level 3.1 Short Blades
 - Level 12.0 Dodging
 - Level 10.0 Stealth
 + Level 13.7 Spellcasting
 - Level 10.3 Conjurations
 - Level 11.0 Hexes
 - Level 5.0 Translocations
 - Level 10.0 Fire Magic
 + Level 7.5 Air Magic
 - Level 7.0 Earth Magic
 - Level 2.0 Poison Magic


You had 7 spell levels left.
You knew the following spells:

 Your Spells              Type           Power      Damage    Failure   Level
a - Magic Dart            Conj           100%       1d8       1%          1
b - Searing Ray           Conj           100%       2d8       1%          2
c - Iskenderun's Mystic   Conj/Tloc      80%        2d16      1%          4
d - Fulminant Prism       Conj/Hex       46%        3d21      1%          4
e - Airstrike             Air            40%        2d(6-22)  1%          4
f - Inner Flame           Hex/Fire       100%       N/A       1%          3
g - Plasma Beam           Fire/Air       53%        2x1d75    1%          6
h - Iron Shot             Conj/Erth      42%        9d8       1%          6
i - Olgreb's Toxic Radia  Pois           50%        N/A       1%          4

Your spell library contained the following spells:

 Spells                   Type           Power      Damage    Failure   Level
 Lee's Rapid Deconstruct  Erth           38%        3d19*     1%          5
 Cigotuvi's Dreadful Rot  Necr/Pois/Air  100%       N/A       1%          2
 Lesser Beckoning         Tloc           100%       N/A       1%          2
 Dazzling Flash           Conj/Hex       100%       N/A       1%          3
 Gell's Gravitas          Tloc           68%        N/A       1%          3
 Ignite Poison            Fire/Tmut/Pois 81%        N/A       1%          3
 Portal Projectile        Hex/Tloc       100%       N/A       1%          3
 Teleport Other           Tloc           68%        N/A       1%          3
 Vhi's Electric Charge    Tloc/Air       100%       N/A       1%          3
 Leda's Liquefaction      Hex/Erth       43%        N/A       1%          4
 Sticky Flame             Conj/Fire      100%       2d11      1%          4
 Arcjolt                  Conj/Air       43%        1d53      1%          5
 Silence                  Hex/Air        43%        N/A       1%          5
 Call Canine Familiar     Summ           31%        N/A       2%          3
 Animate Armour           Summ/Erth      100%       N/A       2%          4
 Dispel Undead            Necr           31%        3d14      9%          4
 Agony                    Necr           31%        N/A       24%         5
 Blade Hands              Tmut           15%        N/A       24%         5
 Death Channel            Necr           15%        N/A       77%         6
 Simulacrum               Ice/Necr       15%        N/A       77%         6
 Ozocubu's Refrigeration  Ice            15%        4d10      80%         7
 Ignition                 Fire           56%        3d15      24%         8
 Maxwell's Capacitive Co  Air            40%        ∞         50%         8
 Polar Vortex             Ice            15%        N/A       100%        9


Dungeon Overview and Level Annotations

Branches:
Dungeon (12/15)            Temple (1/1) D:5            Lair (5/5) D:8
 Shoals (0/4) Lair:3       Spider (1/4) Lair:3        Slime (0/5) Lair:4
    Orc (2/2) D:9             Elf (0/3) Orc:2

Altars:
Cheibriados
Dithmenos
Gozag
Hepliaklqana
Kikubaaqudgha
Qazlal
Uskayaw
Vehumet
Wu Jian
Xom
Yredelemnul
Zin
The Shining One
Jiyva

Shops:
Orc:1 [!   Orc:2 (([*=!![

Annotations:
D:1 2 transporters
D:11 exclusion: 2 downstairs


Message History

You kill the jorogumo!
Vehumet accepts your kill.
Casting: Plasma Beam (dangerous; 1% risk of failure)
Press: ? - help, Q - select action, (/) - cycle Dir - look around, f - activate You feel a strong surge of power!
The bolt of lightning hits the jorogumo!!
The jorogumo is almost dead.
The fiery plasma misses the jorogumo.
The jorogumo hits you but does no damage.
Casting: Plasma Beam (dangerous; 1% risk of failure)
Press: ? - help, Q - select action, (/) - cycle Dir - look around, f - activate You feel a strong surge of power!
The bolt of lightning misses the jorogumo.
The fiery plasma misses the jorogumo.
The jorogumo hits you but does no damage.
Casting: Plasma Beam (dangerous; 1% risk of failure)
Press: ? - help, Q - select action, (/) - cycle Dir - look around, f - activate You feel a strong surge of power!
The bolt of lightning misses the jorogumo.
The fiery plasma hits the jorogumo but does no damage.
The jorogumo is severely wounded.
The jorogumo hits you.
You suddenly lose the ability to move!
A steelbarb worm comes into view.
The jorogumo hits you!!
You feel yourself slow down. The jorogumo hits you!
* * * LOW HITPOINT WARNING * * *
You are poisoned.
You feel as though you will be slow longer.
You can move again.
Casting: Plasma Beam (dangerous; 1% risk of failure)
Press: ? - help, Q - select action, (/) - cycle Dir - look around, f - activate You feel a strong surge of power!
The bolt of lightning misses the steelbarb worm.
The fiery plasma hits the steelbarb worm.
The steelbarb worm resists.
The steelbarb worm is lightly wounded.
* * * LOW HITPOINT WARNING * * *
You feel extremely sick.
The jorogumo stares at you and mumbles some strange words.
The bolt of negative energy hits you!!
You feel drained.
You die...

............##^.†..............#
....................#.........##
...#.#............#............#
.........†###...w.......##.#####
......#.....##..†#.......#.##
#.......)...#...............#
..............#........#....#
^..........#..........#.#...##
.#...#.........H@............##
..............>..........#...^#
..^...#...^#..^..###..........#
................## #..........#
......#..^......## ###..<....##
.................# ##......#
...........#.....# ###....#
..........#.......# ##.###
################### ##


You could see a jorogumo and a steelbarb worm.

Vanquished Creatures
  Gastronok (Lair:1)
  2 orc warlords (Orc:2)
  2 spark wasps (Spider:1)
  A hydra (Lair:3)
  3 jorogumos (Spider:1)
  Erica (D:8)
  An orc high priest (Orc:2)
  A two-headed ogre (D:11)
  16 death yaks
  Amaemon (Lair:3)
  2 pharaoh ants (Spider:1)
  A bog body (Lair:3)
  Pikel (D:5)
  2 orc knights (Orc:2)
  4 wolf spiders
  3 ugly things (D:11)
  5 orc sorcerers (Orc:2)
  3 oklob plants (Lair:4)
  4 cyclopes
  Maurice (D:8)
  10 elephants
  5 black mambas
  2 demonic crawlers
  A guardian serpent (Lair:5)
  An orange demon (Lair:3)
  Psyche (D:9)
  2 gargoyles
  13 cane toads
  3 rime drakes
  2 kobold demonologists (D:10)
  10 komodo dragons
  A torpor snail (Lair:3)
  3 ice devils (Lair:3)
  An anaconda simulacrum (Lair:3)
  4 trolls
  A queen bee (D:8)
  2 hornets (Lair:5)
  16 blink frogs
  2 polar bears
  Prince Ribbit (D:5)
  4 tarantellas (Spider:1)
  Sigmund (D:4)
  7 jumping spiders
  5 wraiths
  10 wyverns
  5 culicivoras
  51 yaks
  A steam dragon (D:8)
  Grum (D:8)
  3 basilisks
  3 vampire mosquitoes (D:11)
  A death yak simulacrum (Lair:3)
  16 redbacks
  2 wargs (Orc:2)
  5 acid dragons
  Edmund (D:5)
  23 water moccasins
  A swamp drake (Lair:5)
  26 orc warriors
  A sky beast (D:8)
  A black bear (D:7)
  2 ice beasts (D:6)
  12 ogres
  6 wolves
  7 centaurs
  2 phantoms
  3 kobold brigands
  10 bullfrogs
  A cane toad simulacrum (Lair:3)
  An entropy weaver simulacrum (Lair:3)
  A gnoll sergeant (D:9)
  3 scorpions
  3 wights (D:9)
  8 killer bees (D:8)
  2 troll zombies (D:9)
  12 howler monkeys
  2 hounds
  2 jellies
  19 orc priests
  6 iguanas
  Ijyb (D:5)
  22 orc wizards
  A spriggan simulacrum (Lair:3)
  A wolf simulacrum (Lair:3)
  A polar bear simulacrum (Lair:3)
  6 ogre zombies (D:9)
  5 gnolls
  3 adders
  A naga simulacrum (Lair:3)
  A shadow imp (D:6)
  2 white imps
  A worm (D:2)
  4 dart slugs
  56 orcs
  7 endoplasms
  4 giant cockroaches
  8 hobgoblins
  13 jackals
  2 quokkas
  4 ball pythons
  8 bats
  2 frilled lizards (D:1)
  5 goblins
  A goblin skeleton (D:9)
  3 goblin zombies (D:9)
  A hobgoblin skeleton (D:9)
  2 hobgoblin zombies (D:9)
  17 kobolds
  An orc skeleton (D:9)
  17 orc zombies (D:9)
  8 rats
614 creatures vanquished.

Vanquished Creatures (others)
  145 fulminant prisms
145 creatures vanquished.

Grand Total: 759 creatures vanquished

Notes
Turn   | Place    | Note
-------+----------+-------------------------------------------
     0 | D:1      | randart the Deep Elf Conjurer began the quest for the Orb.
     0 | D:1      | Reached XP level 1. HP: 10/10 MP: 6/6
   185 | D:1      | Reached XP level 2. HP: 15/15 MP: 0/8
   188 | D:1      | Learned a level 2 spell: Searing Ray
   289 | D:1      | Reached skill level 5 in Conjurations
  1280 | D:2      | Found a faded altar of an unknown god.
  1282 | D:2      | Reached XP level 3. HP: 19/19 MP: 7/9
  1852 | D:2      | Noticed a scorpion
  1858 | D:2      | Killed a scorpion
  1859 | D:2      | Reached XP level 4. HP: 24/24 MP: 4/10
  1864 | D:2      | Learned a level 4 spell: Iskenderun's Mystic Blast
  2675 | D:3      | Reached XP level 5. HP: 28/28 MP: 7/11
  2970 | D:3      | Reached skill level 1 in Translocations
  3943 | D:4      | Found a glowing golden altar of the Shining One.
  4025 | D:4      | Found a glowing silver altar of Zin.
  4224 | D:4      | Found a stormy altar of Qazlal.
  4241 | D:4      | Found a shadowy altar of Dithmenos.
  4257 | D:4      | Reached XP level 6. HP: 28/32 MP: 12/12
  4372 | D:4      | Noticed Sigmund
  4518 | D:5      | Entered Level 5 of the Dungeon
  4538 | D:5      | Noticed Ijyb
  4562 | D:5      | Noticed Edmund
  4702 | D:5      | Found a basalt altar of Yredelemnul.
  4714 | D:5      | Found a staircase to the Ecumenical Temple.
  4723 | Temple   | Entered the Ecumenical Temple
  4740 | Temple   | Became a worshipper of Vehumet
  4765 | D:5      | Noticed Prince Ribbit
  4771 | D:5      | Reached skill level 5 in Translocations
  4887 | D:4      | Upgraded the game from 0.30.0-5-g1a98f26d00 to
                  | 0.30.0-7-g0c4daa9e05
  5576 | D:6      | Found an opulent altar of Gozag.
  5767 | D:6      | Noticed an ice beast
  5767 | D:6      | Noticed an ice beast
  5791 | D:6      | Killed an ice beast
  5792 | D:6      | Reached skill level 1 in Fighting
  5792 | D:6      | Reached XP level 7. HP: 38/38 MP: 11/13
  6055 | D:6      | Learned a level 4 spell: Fulminant Prism
  6628 | D:7      | Reached skill level 1 in Hexes
  6857 | D:7      | Reached skill level 4 in Spellcasting
  6954 | D:7      | Reached XP level 8. HP: 45/45 MP: 16/16
  8012 | D:8      | Reached skill level 5 in Spellcasting
  8021 | D:8      | Reached skill level 5 in Hexes
  8189 | D:8      | Reached XP level 9. HP: 52/52 MP: 15/18
  8387 | D:8      | Found a staircase to the Lair.
  8387 | D:8      | Noticed Grum
  8391 | D:8      | Noticed a death yak
  8419 | D:8      | Killed a death yak
  8420 | D:8      | Reached skill level 5 in Fighting
  8420 | D:8      | Reached skill level 6 in Spellcasting
  8559 | D:8      | Noticed a death yak
  8578 | D:8      | Noticed a death yak
  8641 | D:8      | Noticed Maurice
  8675 | D:8      | Killed Maurice
  8676 | D:8      | Reached skill level 7 in Spellcasting
  8676 | D:8      | Reached skill level 10 in Conjurations
  8757 | D:8      | Noticed a death yak
  8758 | D:8      | Noticed a death yak
  8878 | D:8      | Killed Grum
  9043 | D:7      | Killed a death yak
  9044 | D:7      | Reached skill level 8 in Spellcasting
  9044 | D:7      | Reached XP level 10. HP: 41/60 MP: 1/24
  9551 | D:8      | Killed a death yak
  9702 | D:8      | Noticed Erica
  9717 | D:8      | Upgraded the game from 0.30.0-7-g0c4daa9e05 to
                  | 0.30.0-10-gfe55d96785
  9934 | D:4      | Killed Sigmund
 10111 | D:5      | Killed Ijyb
 10113 | D:5      | Killed Prince Ribbit
 10114 | D:5      | Reached skill level 9 in Spellcasting
 10201 | D:5      | Killed Edmund
 10285 | D:5      | Noticed Pikel
 10292 | D:5      | Killed Pikel
 10519 | D:5      | Found the +8 autumn katana {manifold assault}
 10764 | Lair:1   | Entered Level 1 of the Lair of Beasts
 10773 | Lair:1   | Reached * piety under Vehumet
 10773 | Lair:1   | Offered knowledge of Freeze by Vehumet.
 10774 | Lair:1   | Reached skill level 1 in Short Blades
 10781 | Lair:1   | Reached skill level 10 in Spellcasting
 10848 | Lair:1   | Noticed Gastronok
 10888 | D:8      | Reached XP level 11. HP: 28/67 MP: 20/27
 11238 | D:7      | Killed a death yak
 11370 | D:7      | Killed a death yak
 11669 | D:8      | Reached skill level 5 in Stealth
 11720 | D:8      | Found an ornate altar of the Wu Jian Council.
 11837 | D:8      | Killed Erica
 11838 | D:8      | Reached skill level 5 in Dodging
 12184 | D:9      | Noticed Psyche
 12196 | D:9      | Killed Psyche
 12197 | D:9      | Reached skill level 10 in Hexes
 12197 | D:9      | Reached skill level 1 in Fire Magic
 12202 | D:9      | Offered knowledge of Kiss of Death by Vehumet.
 12263 | D:9      | Reached ** piety under Vehumet
 12454 | D:9      | Offered knowledge of Momentum Strike by Vehumet.
 12942 | D:9      | Found a staircase to the Orcish Mines.
 13287 | D:10     | Entered Level 10 of the Dungeon
 13471 | D:10     | Reached *** piety under Vehumet
 14463 | D:10     | Found a hazy altar of Hepliaklqana.
 15305 | D:11     | Reached XP level 12. HP: 75/75 MP: 28/28
 15552 | D:11     | Identified the ring of Ocepumm {rElec rPois}
 15584 | D:11     | Offered knowledge of Airstrike by Vehumet.
 16822 | D:11     | Noticed a two-headed ogre
 16832 | D:11     | Killed a two-headed ogre
 17679 | Orc:1    | Entered Level 1 of the Orcish Mines
 17828 | D:9      | Learned a level 4 spell: Airstrike
 17889 | Orc:1    | Reached **** piety under Vehumet
 18108 | Orc:1    | Reached skill level 10 in Stealth
 18108 | Orc:1    | Reached skill level 1 in Air Magic
 18195 | Orc:1    | Found Jahofrot's Armour Boutique.
 18238 | Orc:1    | Found Xocit's Distillery.
 18246 | Orc:1    | Bought a potion of haste for 140 gold pieces
 18246 | Orc:1    | Bought a potion of resistance for 140 gold pieces
 18555 | Orc:2    | Entered Level 2 of the Orcish Mines
 18555 | Orc:2    | Found Xehik's Distillery.
 18574 | Orc:2    | Offered knowledge of Inner Flame by Vehumet.
 18988 | Orc:2    | Reached skill level 10 in Dodging
 19145 | Orc:1    | Learned a level 3 spell: Inner Flame
 19241 | Orc:2    | Noticed an orc warlord
 19247 | Orc:2    | Noticed an orc warlord
 19318 | Orc:2    | Killed an orc warlord
 19492 | Orc:2    | Reached ***** piety under Vehumet
 19495 | Orc:2    | Offered knowledge of Flame Wave by Vehumet.
 19630 | Orc:2    | Reached skill level 5 in Air Magic
 20242 | Orc:2    | Killed an orc warlord
 20534 | Orc:2    | Found Pulu's Distillery.
 20564 | Orc:2    | Identified the ring "Cusiucep" {*Slow rPois Will+ Str+7
                  | Slay+2}
 20606 | Orc:2    | Reached XP level 13. HP: 79/79 MP: 14/29
 20960 | Orc:2    | Found Piddirou's Jewellery Boutique.
 21911 | Orc:2    | Identified the staff of earth "Kicoxej" {rPois rF++ rCorr
                  | Dex-2}
 21968 | Orc:2    | Found Jupol's Antique Weapon Boutique.
 21969 | Orc:2    | Found Joz Tevy's Weapon Boutique.
 21973 | Orc:2    | Found Doaq's Assorted Antiques.
 21973 | Orc:2    | Found Fogaenli's Armour Shop.
 22001 | Orc:2    | Bought a scroll labelled HIOS GILANE for 32 gold pieces
 22001 | Orc:2    | Bought a scroll of identify for 64 gold pieces
 22040 | Orc:2    | Found a staircase to the Elven Halls.
 22259 | Orc:2    | Found Zuegg's Armour Shoppe.
 22699 | Orc:2    | Bought a ring of willpower for 250 gold pieces
 22720 | Orc:2    | Bought a potion of heal wounds for 90 gold pieces
 22720 | Orc:2    | Bought a potion of lignification for 54 gold pieces
 22760 | Orc:2    | Bought a +1 pair of gloves of stealth for 297 gold pieces
 22873 | Lair:1   | Killed Gastronok
 22954 | D:8      | Learned a level 6 spell: Plasma Beam
 23532 | Lair:1   | Reached skill level 5 in Fire Magic
 24174 | Lair:2   | Reached skill level 1 in Earth Magic
 24219 | Lair:2   | Identified the +1 ring mail "Ohumo" {Fly}
 24236 | Lair:2   | Learned a level 6 spell: Iron Shot
 24720 | Lair:2   | Found a dark tunnel.
 25282 | Lair:3   | Found a staircase to the Shoals.
 25434 | Lair:3   | Noticed Amaemon
 25491 | Lair:3   | Killed Amaemon
 25492 | Lair:3   | Reached skill level 5 in Earth Magic
 25835 | Lair:3   | Reached XP level 14. HP: 86/86 MP: 29/30
 26500 | Lair:3   | Found a hole to the Spider Nest.
 27021 | Lair:4   | Offered knowledge of Olgreb's Toxic Radiance by Vehumet.
 27495 | Lair:4   | Found a viscous altar of Jiyva.
 27518 | Lair:4   | Found a staircase to the Slime Pits.
 27885 | Lair:5   | Entered Level 5 of the Lair of Beasts
 28090 | Lair:5   | Reached skill level 11 in Spellcasting
 28579 | Lair:5   | Reached skill level 10 in Fighting
 28888 | Lair:5   | Reached skill level 12 in Spellcasting
 30168 | Lair:5   | Learned a level 4 spell: Olgreb's Toxic Radiance
 30256 | Spider:1 | Entered Level 1 of the Spider Nest
 30274 | Spider:1 | Offered knowledge of Lee's Rapid Deconstruction by Vehumet.
 30281 | Spider:1 | Reached skill level 10 in Fire Magic
 30281 | Spider:1 | Reached skill level 1 in Poison Magic
 31013 | Spider:1 | Reached skill level 13 in Spellcasting
 31019 | Spider:1 | Reached XP level 15. HP: 46/93 MP: 2/34
 31706 | Spider:1 | Paralysed by a jorogumo for 2 turns
 31708 | Spider:1 | Killed from afar by a jorogumo

Illustrated notes

Levels and vault maps discovered:
D:1:      spicycebolla_arrival_transporter_tutorial, layout_loops_cross,
          minmay_tall_x
D:2:      layout_basic, nicolae_ecumenical_pavilion
D:3:      layout_loops_corners
D:4:      layout_gridville, mainiacjoe_overflow_cross_hatched, zin_academy,
          tso_oasis_becter, nicolae_qazlal_eye_of_the_storm,
          kennysheep_big_empty_room, uniq_sigmund
D:5:      layout_cave_pools, mainiacjoe_overflow_boulevard,
          minmay_temple_entry_ruins, uniq_prince_ribbit1, uniq_pikel, uniq_ijyb,
          uniq_edmund
D:6:      layout_layer_cave, grunt_gozag_breadcrumbs, kennysheep_doodads
D:7:      layout_cave_pods
D:8:      layout_loops_cross, mainiacjoe_overflow_alcove_4, dpeg_lair_monsters,
          nicolae_looking_at_the_future, uniq_grum, uniq_maurice, uniq_erica
D:9:      layout_cave_pools, zombieorc2_lemuel, uniq_psyche
D:10:     layout_grid_maze, nzn_hepliaklqana_mist_gate
D:11:     layout_grid_maze
D:12:     layout_irregular_city, serial_shops, shop, grunt_ministairs_7,
          uniq_rupert, uniq_azrael
Temple:   nicolae_temple_superstar
Lair:1:   layout_roguey, uniq_gastronok
Lair:2:   layout_loops_ring, nicolae_volcano_entry_lava_flow, minivault_25
Lair:3:   dreamdust_isle_of_ice, layout_chaotic_city, shoals_dummy_entry,
          spider_nest_entry_funnel_web, gauntlet_entry_generic,
          serial_bayou_shore_a, uniq_amaemon
Lair:4:   layout_long_grid, minmay_slime_entry_oklob_enclosed,
          grunt_megastairs_2
Lair:5:   hangedman_lair_tendril_chambers, layout_hall_layers,
          guppyfry_lair_end_dragon, infiniplex_staircase_pool,
          grunt_megastairs_4
Spider:1: nicolae_spider_obnoxious_hallway
Orc:1:    layout_diamond_mine, serial_shops, nicolae_shop_mannequins, shop
Orc:2:    st_orc_mages, layout_caves, serial_shops,
          nicolae_shop_back_alley_shop, nicolae_shop_tiny_waterfront, shop,
          shop, minmay_orc_treasury

Skill      XL: |  1  2  3  4  5  6  7  8  9 10 11 12 13 14 |
---------------+-------------------------------------------+-----
Conjurations   | 5 6 7 9 10 | 10.3
Translocations | 3 5 |  5.0
Fighting       | 1 2 4 6 7 8 9 10 | 10.4
Dodging        | 3 7 11 12 | 12.0
Stealth        | 3 7 10 | 10.0
Hexes          | 2 5 6 8 10 11 | 11.0
Spellcasting   | 4 5 8 10 13 | 13.7
Short Blades   | 3 |  3.1
Fire Magic     | 4 7 10 | 10.0
Air Magic      | 5 7 |  7.5
Earth Magic    | 6 7 |  7.0
Poison Magic   | 2 |  2.0

Action                     |  1- 3 |  4- 6 |  7- 9 | 10-12 | 13-15 || total
---------------------------+-------+-------+-------+-------+-------++-------
  Melee: Dagger            |     5 |    19 |    18 |    18 |     2 ||    62
         Short sword       |       |       |    18 |    97 |       ||   115
         Katana            |       |       |       |    23 |       ||    23
         Staff             |       |       |       |     7 |     2 ||     9
         Punch             |       |       |       |     1 |       ||     1
  Throw: Dart              |       |       |     4 |       |       ||     4
   Cast: Magic Dart        |    88 |    91 |    36 |   110 |    12 ||   337
         Searing Ray       |       |     7 |    23 |    51 |    11 ||    92
         Iskenderun's Myst |       |     3 |    21 |   116 |    80 ||   220
         Fulminant Prism   |       |       |    14 |    97 |    34 ||   145
         Airstrike         |       |       |       |    55 |    31 ||    86
         Inner Flame       |       |       |       |     2 |     2 ||     4
         Plasma Beam       |       |       |       |       |   168 ||   168
         Iron Shot         |       |       |       |       |     6 ||     6
         Olgreb's Toxic Ra |       |       |       |       |     5 ||     5
  Evoke: Wand              |       |       |     2 |     2 |       ||     4
    Use: Scroll            |       |    15 |     6 |     2 |    10 ||    33
         Potion            |       |       |       |       |     4 ||     4
   Stab: Sleeping          |       |     1 |     1 |     2 |     2 ||     6
         Paralysed         |       |       |     4 |       |       ||     4
         Distracted        |       |       |       |     1 |       ||     1
 Armour: Leather armour    |    10 |    15 |       |       |       ||    25
         Robe              |       |     7 |    26 |    64 |    19 ||   116
  Dodge: Dodged            |    20 |    22 |    74 |   168 |    88 ||   372
